 Dungeon Crawl Stone Soup version 0.27-a0-1532-gca18f49f40 (webtiles) character file.

Game seed: 16487851606857877603

9220 karkarkar the Cleaver (level 11, -5/97 HPs)
             Began as a Minotaur Berserker on July 12, 2021.
             Was a High Priest of Trog.
             Slain by Snorg (12 damage)
             ... on level 10 of the Dungeon.
             The game lasted 00:23:50 (10869 turns).

karkarkar the Cleaver (Minotaur Berserker)         Turns: 10869, Time: 00:23:50

Health: -5/97      AC: 20    Str: 23    XL:     11   Next: 20%
Magic:  10/10      EV: 10    Int:  4    God:    Trog [*****.]
Gold:   559        SH:  0    Dex: 12    Spells: 10/10 levels left

rFire    . . .     SeeInvis +   B - +1 broad axe (flame)
rCold    + . .     Faith    +   (no shield)
rNeg     + . .     Spirit   .   l - +0 plate armour
rPois    .         Reflect  .   (helmet restricted)
rElec    .         Harm     .   A - +2 cloak
rCorr    .         Rampage  .   h - +0 pair of gloves
Will     ++...                  k - +0 pair of boots
Stlth    ..........             e - amulet of Umawev {Faith rN+ Will+ SInv}
HPRegen  0.26/turn              p - ring of willpower
MPRegen  0.12/turn              b - ring of protection from cold

@: studying Throwing
A: horns 2, retaliatory headbutt
a: Renounce Religion, Berserk, Trog's Hand, Brothers in Arms


You were on level 10 of the Dungeon.
You worshipped Trog.
Trog was extremely pleased with you.
You visited 1 branch of the dungeon, and saw 10 of its levels.
You also visited: Sewer.

You collected 599 gold pieces.
You spent 40 gold pieces at shops.

Inventory:

Hand Weapons
 B - a +1 broad axe of flaming (weapon)
Armour
 h - a +0 pair of gloves (worn)
 k - a +0 pair of boots (worn)
 l - a +0 plate armour (worn)
 A - a +2 cloak (worn)
Jewellery
 b - a ring of protection from cold (right hand)
 e - the amulet of Umawev (around neck) {Faith rN+ Will+ SInv}
   (You found it on level 4 of the Dungeon)

   [amulet of faith]

   It allows you to gain divine favour quickly.
   rN:        It protects you from negative energy.
   SInv:      It lets you see invisible.
   Will:      It increases your willpower.
 f - a ring of flight
 p - a ring of willpower (left hand)
 z - an amulet of reflection
Wands
 a - a wand of acid (4)
 g - a wand of flame (18)
 u - a wand of digging (2)
Scrolls
 c - 10 scrolls of teleportation
 d - 2 scrolls of fog
 i - a scroll of immolation
 m - 3 scrolls of fear
 q - 2 scrolls of blinking
 v - a scroll of silence
Potions
 j - 3 potions of haste
 n - 2 potions of flight
 r - a potion of magic
 s - a potion of invisibility {unknown}
 w - 2 potions of might
 x - a potion of attraction


   Skills:
 + Level 9.2 Fighting
 + Level 13.8 Axes
 + Level 10.1 Armour
 * Level 8.3 Dodging
 + Level 1.0 Stealth


You had 10 spell levels left.
You didn't know any spells.
Your spell library was empty.

Dungeon Overview and Level Annotations

Branches:
Dungeon (10/15)            Temple (0/1) D:6           Sewer (visited)
   Lair: D:8-11         Orc: D:9-12

Altars:
Fedhas
Gozag
Yredelemnul
The Shining One

Shops:
D:4 *   D:9 [

Annotations:
D:4 3 runed translucent doors, Nausicaa's ghost, amateur VSTm; Prince Ribbit; TerrariaFan's ghost, amateur MiBe
D:8 exclusion: oklob plant
D:10 Snorg


Innate Abilities, Weirdness & Mutations

You have a pair of horns on your head.
You reflexively headbutt those who attack you in melee.


Message History

You furiously retaliate!
You headbutt the centaur warrior zombie, but do no damage.
The centaur warrior zombie barely misses you.
You slice the centaur warrior zombie!! You burn the centaur warrior zombie!
You headbutt the centaur warrior zombie.
You destroy the centaur warrior zombie!
Trog accepts your kill.
You barely miss Snorg. Snorg closely misses you. You furiously retaliate!
You headbutt Snorg! Snorg claws you but does no damage. x2
You barely miss Snorg.
Snorg is lightly wounded.
Snorg goes berserk!
You hit Snorg but do no damage. Your headbutt misses Snorg.
Snorg is lightly wounded.
Snorg misses you. Snorg claws you. Snorg barely misses you.
You hit Snorg. You burn Snorg. You headbutt Snorg, but do no damage.
Snorg is lightly wounded.
Snorg closely misses you. Snorg claws you but does no damage. x2
You closely miss Snorg. You headbutt Snorg!
Snorg is moderately wounded.
Snorg barely misses you. Snorg claws you but does no damage. Snorg claws you!
Snorg closely misses you. x2; Snorg claws you!
You slice Snorg!! You burn Snorg.
Snorg is moderately wounded.
Snorg bites you but does no damage. Snorg barely misses you. Snorg claws you!
You slash Snorg! You burn Snorg. You headbutt Snorg.
Snorg is heavily wounded.
Snorg bites you but does no damage. Snorg claws you.
Snorg claws you but does no damage.
You completely miss Snorg.
Snorg is heavily wounded.
Snorg bites you but does no damage. Snorg claws you! x2; Snorg bites you!
* * * LOW HITPOINT WARNING * * *
Snorg claws you but does no damage. x2
Your two-headed ogre goes berserk!
Snorg completely misses you. You furiously retaliate!
You headbutt Snorg. Snorg claws you!
* * * LOW HITPOINT WARNING * * *
Snorg claws you!
You die...

.# # ######.## #.####
#........ #....#
#....$..> ##########.###
#........
....#........###........
###............#........
###..(.....#.#@T......
#........#.O.....(..
############........
#........ #########


You could see Snorg (berserk, ally target) and a friendly two-headed ogre
(summoned, berserk).

Vanquished Creatures
  A two-headed ogre (D:9)
  2 cyclopes
  Pikel (D:6)
  A manticore (D:9)
  Maurice (D:8)
  3 kobold demonologists
  A wraith (D:9)
  A wyvern (D:6)
  6 yaks (D:7)
  Edmund (D:5)
  2 water moccasins
  2 sky beasts
  2 ice beasts
  2 orc warriors
  5 ogres
  3 black bears
  2 lemures (D:6)
  6 centaurs
  A phantom (D:7)
  Blork the orc (D:4)
  A kobold brigand (D:9)
  3 bullfrogs
  A wyvern zombie (D:5)
  3 scorpions
  A wyvern skeleton (D:7)
  4 wights
  4 howler monkeys
  4 centaur zombies
  A bullfrog zombie (D:6)
  A centaur skeleton (D:7)
  A gnoll shaman (D:6)
  7 hounds
  12 jellies
  5 orc priests
  2 bullfrog skeletons
  4 orc wizards
  5 iguanas
  A killer bee zombie (D:5)
  A howler monkey zombie (D:5)
  8 adders
  A shadow imp (D:7)
  An ufetubus (D:4)
  An adder zombie (D:3)
  An adder skeleton (D:4)
  4 worms
  4 dart slugs
  15 orcs
  2 ball pythons
  23 endoplasms
  5 giant cockroaches
  3 goblins
  9 hobgoblins
  8 jackals
  15 kobolds
  8 quokkas
  9 bats
  2 frilled lizards (D:1)
  4 rats
228 creatures vanquished.

Vanquished Creatures (others)
  2 fungi (D:8)
  6 withered plants (D:4)
8 creatures vanquished.

Grand Total: 236 creatures vanquished

Notes
Turn   | Place    | Note
-------+----------+-------------------------------------------
     0 | D:1      | karkarkar the Minotaur Berserker began the quest for the
                  | Orb.
     0 | D:1      | Reached XP level 1. HP: 19/19 MP: 0/0
   291 | D:1      | Reached XP level 2. HP: 24/27 MP: 1/1
   292 | D:1      | Reached skill level 4 in Axes
   421 | D:1      | You fall into a shaft and drop 1 floor!
   456 | D:2      | Reached ** piety under Trog
   479 | D:2      | Reached XP level 3. HP: 31/34 MP: 2/2
   604 | D:2      | Reached XP level 4. HP: 28/41 MP: 3/3
  1017 | D:1      | Found a faded altar of an unknown god.
  1306 | D:2      | Reached skill level 5 in Axes
  2064 | D:3      | Reached XP level 5. HP: 47/47 MP: 4/4
  2209 | D:4      | Identified the amulet of Umawev {Faith rN+ Will+ SInv}
  2227 | D:4      | Noticed an ogre
  2236 | D:4      | Killed an ogre
  2370 | D:4      | Noticed a black bear
  2371 | D:4      | Noticed Blork the orc
  2375 | D:4      | Killed a black bear
  2375 | D:4      | Reached *** piety under Trog
  2376 | D:4      | Reached skill level 5 in Fighting
  2376 | D:4      | Reached skill level 6 in Axes
  2376 | D:4      | Reached XP level 6. HP: 45/56 MP: 5/5
  2384 | D:4      | Killed Blork the orc
  2560 | D:4      | Found a basalt altar of Yredelemnul.
  2641 | D:4      | Reached skill level 7 in Axes
  2649 | D:4      | Reached XP level 7. HP: 52/61 MP: 6/6
  2804 | D:4      | Found Eboh Ucer's General Store.
  2867 | D:4      | Found a runed translucent gate.
  2868 | D:4      | Found a runed translucent gate.
  2868 | D:4      | Found a runed translucent gate.
  2868 | D:4      | Noticed Nausicaa's ghost (amateur VSTm)
  2868 | D:4      | Noticed TerrariaFan's ghost (amateur MiBe)
  2967 | D:4      | Found an opulent altar of Gozag.
  3136 | D:5      | Entered Level 5 of the Dungeon
  3453 | D:5      | Noticed Edmund
  3454 | D:5      | Noticed Prince Ribbit
  3468 | D:5      | Killed Edmund
  3469 | D:5      | Reached skill level 8 in Axes
  3469 | D:5      | Reached skill level 5 in Armour
  3493 | D:5      | HP: 2/62 [Prince Ribbit (13)]
  3917 | D:5      | Reached XP level 8. HP: 4/70 MP: 7/7
  4692 | D:6      | Reached skill level 9 in Axes
  4828 | D:6      | Noticed Pikel
  4839 | D:6      | Killed Pikel
  4940 | D:6      | Found a glowing drain.
  4947 | Sewer    | Entered a sewer
  5011 | Sewer    | Reached skill level 10 in Axes
  5194 | D:6      | Identified the -5 pair of gloves "Ytsyaph" {rF+}
  5464 | D:6      | Reached XP level 9. HP: 73/78 MP: 8/8
  5718 | D:6      | Noticed a kobold demonologist
  5727 | D:6      | Reached skill level 5 in Dodging
  5730 | D:6      | Killed a kobold demonologist
  5806 | D:6      | Found a staircase to the Ecumenical Temple.
  5960 | D:6      | Noticed a cyclops
  5960 | D:6      | Noticed a kobold demonologist
  5988 | D:6      | Killed a cyclops
  5989 | D:6      | Reached skill level 11 in Axes
  6009 | D:6      | Killed a kobold demonologist
  6564 | D:6      | Reached skill level 12 in Axes
  6873 | D:7      | Reached XP level 10. HP: 86/88 MP: 9/9
  6993 | D:7      | Reached **** piety under Trog
  7960 | D:8      | Noticed a cyclops
  7969 | D:8      | Killed a cyclops
  7970 | D:8      | Reached skill level 13 in Axes
  8188 | D:8      | Noticed an oklob plant
  8215 | D:8      | Reached ***** piety under Trog
  8356 | D:8      | Found a blossoming altar of Fedhas.
  8563 | D:8      | Noticed Maurice
  8585 | D:8      | Killed Maurice
  9154 | D:9      | Found Wuatihiq's Antique Armour Boutique.
  9300 | D:9      | Noticed a manticore
  9319 | D:9      | Killed a manticore
  9552 | D:9      | Reached skill level 1 in Stealth
  9576 | D:9      | Noticed an orange demon
  9648 | D:9      | Reached XP level 11. HP: 84/95 MP: 10/10
  9944 | D:4      | Bought a +0 broad axe for 40 gold pieces
 10087 | D:9      | Found a glowing golden altar of the Shining One.
 10228 | D:9      | Noticed a two-headed ogre
 10237 | D:9      | Killed a two-headed ogre
 10238 | D:9      | Reached skill level 10 in Armour
 10464 | D:10     | Entered Level 10 of the Dungeon
 10856 | D:10     | Noticed Snorg
 10869 | D:10     | Slain by Snorg

Illustrated notes

Levels and vault maps discovered:
D:1:      wander_arrival_lonely_grave, layout_rooms,
          hellmonk_ecumenical_altar_blasted, dk_noncrumbling_4
D:2:      layout_loops_cross, minmay_surrounded
D:3:      layout_basic
D:4:      layout_rooms, kennysheep_little_box, kennysheep_mini_moat,
          gammafunk_ghost_cemetery, serial_shops, nicolae_lakefront_shop,
          uniq_blork_the_orc
D:5:      layout_loops_ring, uniq_prince_ribbit1, uniq_edmund
D:6:      minmay_inner_zag, layout_loops_ring, gup_sewer_entry_bubbles,
          minmay_manual_mess, uniq_pikel
D:7:      layout_basic, solitary_fountain
D:8:      lemuel_slime, layout_loops_cross, fedhas_altar_3, serial_aquarium,
          aquarium_bridge_long_separate [aquarium_subvault_window,
          aquarium_subvault_window, aquarium_subvault_bridge,
          aquarium_subvault_bridge, aquarium_subvault_bridge,
          aquarium_subvault_wall], aquarium_window_corridor_1,
          aquarium_window_1, aquarium_window_fake, aquarium_window_1,
          aquarium_view_2e, aquarium_view_2g, aquarium_balcony_5a, uniq_maurice
D:9:      layout_loops_ring, kennysheep_mini, serial_shops, shop
D:10:     layout_roguey, uniq_snorg, uniq_urug

Skill      XL: |  1  2  3  4  5  6  7  8  9 10 11 |
---------------+----------------------------------+-----
Axes           | 4 5 6 7 8 10 12 13 | 13.8
Fighting       | 4 5 6 7 8 9 |  9.2
Armour         | 3 4 5 7 8 9 10 | 10.1
Dodging        | 3 4 6 8 |  8.3
Stealth        | 1 |  1.0

Action                   |  1- 3 |  4- 6 |  7- 9 | 10-12 || total
-------------------------+-------+-------+-------+-------++-------
Melee: Hand axe          |    62 |    95 |       |       ||   157
       Headbutt          |    10 |    28 |    49 |    64 ||   151
       War axe           |       |    12 |   213 |   245 ||   470
       Broad axe         |       |       |       |    42 ||    42
Invok: Trog's Hand       |     1 |     1 |     4 |     2 ||     8
       Berserk           |       |     2 |       |       ||     2
       Brothers in Arms  |       |       |       |     1 ||     1
  Use: Scroll            |       |     4 |     7 |     6 ||    17
Armor: Animal skin       |     9 |       |       |       ||     9
       Ring mail         |    14 |    27 |    18 |       ||    59
       Plate armour      |       |       |   100 |   162 ||   262
Dodge: Dodged            |    49 |    73 |    91 |   116 ||   329

Table legend: (Time is in decaauts)
 A = Elapsed time spent in this place.
 B = Non-inter-level travel time spent in this place.
 C = Inter-level travel time spent in this place.
 D = Time resting spent in this place.
 E = Time spent auto-exploring this place.
 F = Levels seen in this place.
 G = Mean time per level.
                   A        B        C        D        E       F      G
               +--------+--------+--------+--------+--------+-----+--------+
         Total |  10915 |  10536 |    379 |   1363 |   7065 |  11 |  992.3 |
       Dungeon |  10700 |  10321 |    379 |   1363 |   6901 |  10 | 1070.0 |
         Sewer |    214 |    214 |      0 |      0 |    164 |   1 |  214.0 |
               +--------+--------+--------+--------+--------+-----+--------+

Top non-repeatable levels by time:
     D:6: 2048 daAuts
     D:5: 1543 daAuts
     D:8: 1323 daAuts
     D:9: 1169 daAuts
     D:4: 1045 daAuts
     D:7: 966 daAuts
     D:2: 949 daAuts
     D:1: 729 daAuts
     D:3: 523 daAuts
    D:10: 402 daAuts
   Sewer: 214 daAuts
